 Dungeon Crawl Stone Soup version 0.17.0-28-g6e173f8 (webtiles) character file.

870 Peloso the Shield-Bearer (level 7, 0/61 HPs)
             Began as a Minotaur Fighter on Nov 28, 2015.
             Killed from afar by Pikel (11 damage)
             ... with a wand of draining
             ... on level 5 of the Dungeon.
             The game lasted 00:10:22 (3063 turns).

Peloso the Shield-Bearer (Minotaur Fighter)         Turns: 3063, Time: 00:10:23

Health: 0/61       AC: 13    Str: 21    XL:     7   Next: 73%
Magic:  6/6        EV:  4    Int:  5    God:
Gold:   159        SH: 10    Dex: 11    Spells: 0 memorised, 6 levels left

rFire  . . .     SeeInvis .     a - +1 long sword
rCold  . . .     Clarity  .     b - +0 scale mail
rNeg   . . .     SustAt   .     c - +0 shield
rPois  .         Gourm    .     h - +2 hat
rElec  .         Spirit   .     o - +1 cloak
rCorr  .         Warding  .     (no gloves)
rMut   .         Stasis   .     y - +1 pair of boots
MR     .....                    (no amulet)
Stlth  ..........               (no ring)
                                (no ring)

@: lethally poisoned (0 -> -6), heavily drained, not resistant to hostile
enchantments, extremely unstealthy
A: retaliatory headbutt, horns 2
a: no special abilities


You were on level 5 of the Dungeon.
You were not hungry.

You visited 1 branch of the dungeon, and saw 5 of its levels.

You collected 159 gold pieces.

Inventory:

Hand Weapons
 a - a +1 long sword (weapon)
 x - a +1 spear of flaming
Armour
 b - a +0 scale mail (worn)
 c - a +0 shield (worn)
 h - a +2 hat (worn)
 o - a +1 cloak (worn)
 y - a +1 pair of boots (worn)
Scrolls
 k - 5 scrolls of remove curse
 l - a scroll of teleportation
 m - a scroll of recharging {unknown}
 s - a scroll of fear {unknown}
 w - a scroll of blinking {unknown}
 A - 2 scrolls of magic mapping {unknown}
Potions
 d - a potion of might
 f - a potion of invisibility
 g - a potion of heal wounds {unknown}
 i - a potion of brilliance {unknown}
 n - 4 potions of curing {unknown}
 r - a potion of magic {unknown}
 u - 3 potions of agility
 z - 2 potions of poison {unknown}
 B - a potion of ambrosia {unknown}
Books
 v - a book of Minor Magic

   Spells                             Type                      Level
   a - Magic Dart                     Conjuration                  1
   b - Blink                          Translocation                2
   c - Call Imp                       Summoning                    2
   d - Repel Missiles                 Charms/Air                   2
   e - Slow                           Hexes                        2
   f - Conjure Flame                  Conjuration/Fire             3
   g - Mephitic Cloud                 Conjuration/Poison/Air       3
Comestibles
 e - 3 bread rations
 j - 3 meat rations
 q - 2 slices of pizza
 t - a beef jerky


   Skills:
 + Level 5.2(3.3) Fighting
 + Level 4.4(2.6) Long Blades
 + Level 5.9(3.9) Armour
 + Level 4.6(2.8) Dodging
 + Level 6.7(4.7) Shields


You had 6 spell levels left.
You didn't know any spells.

Dungeon Overview and Level Annotations

Branches:
Dungeon (5/15)
 Temple: D:4-7

Altars:
Gozag
Nemelex Xobeh

Annotations:
D:5 Pikel


Innate Abilities, Weirdness & Mutations

You reflexively headbutt those who attack you in melee.
You have a pair of horns on your head.


Message History

Pikel is moderately wounded.
The killer bee stings you.
You are poisoned.
The killer bee poisons you! The slave hits you but does no damage.
The slave hits you. Pikel hits you but does no damage.
The slave hits you but does no damage. x2
The killer bee stings you but does no damage.
You block the slave's attack. x2
The slave barely misses you. Pikel hits you with a whip of flaming.
* * * LOW HITPOINT WARNING * * *
Pikel burns you.
* * * LOW HITPOINT WARNING * * *
The slave barely misses you. You furiously retaliate!
You headbutt the slave!
You feel sick. The killer bee stings you.
* * * LOW HITPOINT WARNING * * *
You block the killer bee's attack. The slave hits you.
* * * LOW HITPOINT WARNING * * *
The slave hits you but does no damage. The slave barely misses you.
Pikel zaps a wand.
The bolt of negative energy hits you!
You feel drained.
You die...

. #. #
.########### #.
........... ..
.......... #.
.........
##.#pp......
#$.p@y......
......#pK......
##... .........
##. .#........
# #.l..###### #
...# ...# .....


You could see Pikel, 4 slaves, a killer bee and a giant newt.

Vanquished Creatures
  Grinder (D:4)
  Edmund (D:4)
  An ogre (D:4)
  An ice beast (D:4)
  A scorpion (D:4)
  A hound (D:4)
  An orc priest (D:4)
  A worker ant (D:4)
  3 orc wizards (D:4)
  Natasha (thrice) (D:2)
  A hound skeleton (D:4)
  Robin (D:4)
  3 adders
  An adder zombie (D:4)
  A worm (D:4)
  2 orcs (D:4)
  A ball python (D:4)
  6 giant cockroaches
  13 goblins
  12 hobgoblins
  4 jackals (D:2)
  10 kobolds
  A quokka (D:4)
  9 bats
  4 giant geckos
  2 giant newts
  A jackal skeleton (D:3)
  7 rats
93 creatures vanquished.

Notes
Turn   | Place    | Note
--------------------------------------------------------------
     0 | D:1      | Peloso the Minotaur Fighter began the quest for the Orb.
     0 | D:1      | Reached XP level 1. HP: 19/19 MP: 0/0
   153 | D:1      | Reached skill level 4 in Fighting
   248 | D:1      | Reached XP level 2. HP: 27/27 MP: 1/1
   662 | D:2      | Reached XP level 3. HP: 33/33 MP: 2/2
   694 | D:2      | Noticed Natasha
   699 | D:2      | Killed Natasha
   699 | D:2      | Reached skill level 1 in Dodging
   741 | D:2      | Noticed Natasha
   753 | D:2      | Killed Natasha
   753 | D:2      | Reached XP level 4. HP: 23/40 MP: 3/3
  1065 | D:2      | Noticed Natasha
  1069 | D:2      | Killed Natasha
  1906 | D:4      | Noticed an ice beast
  1914 | D:4      | Killed an ice beast
  1914 | D:4      | Reached skill level 5 in Armour
  1914 | D:4      | Reached skill level 5 in Shields
  1914 | D:4      | Reached XP level 5. HP: 14/47 MP: 4/4
  2163 | D:4      | Noticed Edmund
  2177 | D:4      | Killed Edmund
  2177 | D:4      | Reached XP level 6. HP: 34/53 MP: 5/5
  2220 | D:4      | Noticed Robin
  2229 | D:4      | Killed Robin
  2289 | D:4      | Noticed Grinder
  2299 | D:4      | Paralysed by Grinder for 3 turns
  2334 | D:4      | Paralysed by Grinder for 7 turns
  2353 | D:4      | Killed Grinder
  2353 | D:4      | Reached skill level 6 in Shields
  2353 | D:4      | Reached XP level 7. HP: 13/60 MP: 6/6
  2405 | D:4      | Noticed an ogre
  2448 | D:4      | Killed an ogre
  2448 | D:4      | Reached skill level 5 in Fighting
  2931 | D:4      | Found an opulent altar of Gozag.
  2932 | D:4      | Found a sparkling altar of Nemelex Xobeh.
  3058 | D:5      | Entered Level 5 of the Dungeon
  3058 | D:5      | Noticed Pikel
  3063 | D:5      | Killed from afar by Pikel

Action                   |  1- 3 |  4- 6 |  7- 9 || total
-------------------------+-------+-------+-------++-------
Melee: Long sword        |    82 |   155 |    48 ||   285
  Use: Scroll            |       |     9 |       ||     9
       Potion            |       |     1 |       ||     1
  Eat: Chunk             |       |     5 |     2 ||     7
